 Dungeon Crawl Stone Soup version 0.29.0-13-gc9e81de378 (webtiles) character file.

Game seed: 3954330265275499197

1619 runemasterragnar the Sneak (level 8, -1/54 HPs)
             Began as an Octopode Fighter on Sept 9, 2022.
             Was an Initiate of Dithmenos.
             Succumbed to a hornet's poison
             ... on level 7 of the Dungeon.
             The game lasted 00:11:38 (8566 turns).

runemasterragnar the Sneak (Octopode Fighter)       Turns: 8566, Time: 00:11:38

Health: -1/54      AC:  3    Str: 15    XL:     8   Next: 96%
Magic:  10/10      EV: 14    Int: 19    God:    Dithmenos [......]
Gold:   413        SH: 11    Dex: 11    Spells: 4/10 levels left

rFire   . . .      SeeInvis .   a - +0 long sword
rCold   . . .      Faith    .   b - +1 buckler
rNeg    . . .      Spirit   .   (helmet restricted)
rPois   .          Reflect  +   t - amulet of reflection
rElec   .          Harm     .   o - +6 ring of intelligence
rCorr   .          Rampage  .   s - ring of willpower
Will    ++...                   (no ring)
Stlth   ++++......              (no ring)
HPRegen 0.18/turn               (no ring)
MPRegen 0.12/turn               (no ring)
                                (no ring)
                                (no ring)

@: lethally poisoned (-1 -> -17), slowed, very slow
A: almost no armour, amphibious, 8 rings, camouflage 1, gelatinous body 1,
(nimble swimmer 1), tentacles, tentacle spike 1, iridescent scales 1,
strong-willed 1, screaming 1
a: Renounce Religion


You were on level 7 of the Dungeon.
You worshipped Dithmenos.
Dithmenos was noncommittal.
You visited 2 branches of the dungeon, and saw 8 of its levels.

You collected 413 gold pieces.

Inventory:

Hand Weapons
 a - a +0 long sword (weapon)
Missiles
 x - 4 poisoned darts (quivered)
Armour
 b - a +1 buckler (worn)
Jewellery
 d - an amulet of magic regeneration
 o - a +6 ring of intelligence (left tentacle)
 s - a ring of willpower (right tentacle)
 t - an amulet of reflection (around mantle)
 y - the amulet of Elemental Vulnerability {rPois rF-- rC-- AC+8}
   (You found it on level 6 of the Dungeon)

   [amulet of nothing]

   AC:        It affects your AC (+8).
   rF:        It makes you very vulnerable to fire.
   rC:        It makes you very vulnerable to cold.
   rPois:     It protects you from poison.
Wands
 l - a wand of flame (18)
Scrolls
 c - a scroll of immolation {unknown}
 e - 2 scrolls of fear {unknown}
 f - 2 scrolls of noise {unknown}
 g - 2 scrolls of amnesia
 h - a scroll of poison {unknown}
 j - a scroll of fog {unknown}
 m - 2 scrolls of brand weapon {unknown}
 n - a scroll of vulnerability {unknown}
 p - 3 scrolls of enchant weapon
 r - a scroll of enchant armour
 w - a scroll of teleportation
Potions
 i - 2 potions of brilliance
 k - 2 potions of curing
 q - 3 potions of heal wounds {unknown}
 v - 2 potions of invisibility
 z - a potion of might


   Skills:
 + Level 4.8 Fighting
 + Level 5.1 Long Blades
 + Level 4.8 Dodging
 + Level 5.2 Stealth
 + Level 4.8 Shields
 + Level 3.6 Unarmed Combat
 + Level 1.6 Spellcasting
 * Level 2.7 Transmutations
 * Level 2.7 Earth Magic


You had 4 spell levels left.
You knew the following spells:

 Your Spells              Type           Power      Damage    Failure   Level
a - Statue Form           Tmut/Erth      8%         N/A       100%        6

Your spell library contained the following spells:

 Spells                   Type           Power      Damage    Failure   Level
 Portal Projectile        Hex/Tloc       2%         N/A       56%         3
 Tukima's Dance           Hex            1%         N/A       56%         3
 Leda's Liquefaction      Hex/Erth       3%         N/A       77%         4
 Blade Hands              Tmut           6%         N/A       89%         5
 Lee's Rapid Deconstruct  Erth           6%         3d7*      89%         5
 Irradiate                Conj/Tmut      3%         3d12      98%         5
 Summon Forest            Summ/Tloc      0%         N/A       99%         5
 Eringya's Noxious Bog    Tmut/Pois      3%         N/A       100%        6
 Dragon Form              Tmut           6%         N/A       100%        7
 Summon Hydra             Summ           0%         N/A       100%        7


Dungeon Overview and Level Annotations

Branches:
Dungeon (7/15)             Temple (1/1) D:6

Altars:
Ashenzari
Dithmenos
Fedhas
Gozag
Hepliaklqana
Kikubaaqudgha
Nemelex Xobeh
Okawaru
Qazlal
Ru
Sif Muna
Trog
Uskayaw
Vehumet
Xom
Yredelemnul
Zin
The Shining One

Shops:
D:4 *   D:6 =


Innate Abilities, Weirdness & Mutations

You cannot wear most types of armour.
You are amphibious.
You can wear up to eight rings at the same time.
Your skin changes colour to match your surroundings (Stealth+).
Your rubbery body absorbs attacks. (AC +1, EV +1)
((You are camouflaged when in or above water. (Stealth+)))
You have tentacles for arms and can constrict up to eight enemies at once.
One of your tentacles bears a spike.
You are partially covered in iridescent scales. (AC +2)
You are strong-willed. (Will+)
You occasionally shout uncontrollably at your foes.


Message History

Press: ? - help, Shift-Dir - straight line, f/p - hornet
Aim: a hornet (chance to affect: 39%)
The hornet resists with some effort.
Unknown command.
Aiming: Paralyse
Press: ? - help, Shift-Dir - straight line, f/p - hornet
Aim: a hornet (chance to affect: 39%)
The hornet resists with some effort.
The hornet stings you.
You suddenly lose the ability to move!
The hornet stings you!
You are poisoned.
You shrug off the repeated paralysis!
The hornet stings you but does no damage.
You feel very sick. The hornet stings you!
You feel yourself slow down.
You can move again.
Unknown command.
Unknown command.
Unknown command.
Unknown command.
Aiming: Paralyse
Press: ? - help, Shift-Dir - straight line, f/p - hornet
Aim: a hornet (chance to affect: 39%)
The hornet resists with some effort.
You feel sick. The hornet stings you!
* * * LOW HITPOINT WARNING * * *
You feel as though you will be slow longer.
The hornet stings you!
* * * LOW HITPOINT WARNING * * *
You are more poisoned.
You feel as though you will be slow longer.
You block the hornet's attack.
Unknown command.
Unknown command.
Okay, then.
Okay, then.
Aiming: Paralyse
Press: ? - help, Shift-Dir - straight line, f/p - hornet
Aim: a hornet (chance to affect: 39%)
The hornet suddenly stops moving!
The now-empty wand crumbles to dust.
You die...

#.####.###.##.# #.# #.####.
#.##.# #.# # #....#.
#.##.###.######.#
#.###..###...............###.
.## #.........##.#....)......
## ##.###.....#.....#.####.#
# #.# #.....#.###.#... ##
##.# #.....y.# #.#..## .##
##.## ##...#@)# #.#..#
#.###.## ##.##......#..#
##...## #...$(...###...
###.## #. ......... ....# #
......?.## ##### .........#
#...##...## ###. #.##


You could see a hornet (paralysed).

Vanquished Creatures
  Edmund (D:6)
  4 ogres
  A centaur (D:6)
  A kobold brigand (D:6)
  A bullfrog (D:7)
  A scorpion (D:6)
  2 necrophages
  3 wights (D:7)
  3 jellies
  3 orc priests (D:5)
  2 hounds
  4 iguanas
  Natasha (D:2)
  4 orc wizards
  4 adders
  A shadow imp (D:7)
  An ufetubus (D:5)
  A worm (D:3)
  11 orcs
  3 ball pythons
  7 bats
  6 endoplasms
  7 giant cockroaches
  6 hobgoblins
  10 jackals
  2 quokkas (D:1)
  7 frilled lizards
  6 goblins
  10 kobolds
  5 rats
118 creatures vanquished.

Notes
Turn   | Place    | Note
-------+----------+-------------------------------------------
     0 | D:1      | runemasterragnar the Octopode Fighter began the quest for
                  | the Orb.
     0 | D:1      | Reached XP level 1. HP: 16/16 MP: 1/1
   537 | D:1      | Reached XP level 2. HP: 21/21 MP: 2/2
   931 | D:1      | Reached skill level 1 in Stealth
  1126 | D:2      | Found a faded altar of an unknown god.
  1131 | D:2      | Reached XP level 3. HP: 21/26 MP: 3/3
  1202 | D:2      | Reached skill level 1 in Unarmed Combat
  1314 | D:2      | Noticed Natasha
  1322 | D:2      | Killed Natasha
  1323 | D:2      | Reached XP level 4. HP: 4/31 MP: 4/4
  3206 | D:4      | Reached XP level 5. HP: 27/36 MP: 5/5
  3400 | D:4      | Found Zuink's Elemental Accessories.
  3524 | D:4      | Found a glowing golden altar of the Shining One.
  3580 | D:4      | Found a sparkling altar of Nemelex Xobeh.
  3948 | D:4      | Gained mutation: You occasionally shout uncontrollably at
                  | your foes. [potion of mutation]
  3948 | D:4      | Gained mutation: One of your tentacles bears a spike.
                  | [potion of mutation]
  3948 | D:4      | Gained mutation: You are strong-willed. (Will+) [potion of
                  | mutation]
  3948 | D:4      | Gained mutation: You are partially covered in iridescent
                  | scales. (AC +2) [potion of mutation]
  3962 | D:4      | Reached XP level 6. HP: 16/42 MP: 6/6
  4588 | D:5      | Entered Level 5 of the Dungeon
  5692 | D:5      | Reached XP level 7. HP: 48/48 MP: 7/7
  5760 | D:5      | Learned a level 6 spell: Statue Form
  6671 | D:6      | Found a staircase to the Ecumenical Temple.
  6678 | Temple   | Entered the Ecumenical Temple
  6709 | Temple   | Became a worshipper of Dithmenos the Shadowed
  6728 | D:6      | Reached XP level 8. HP: 46/54 MP: 8/8
  6772 | D:6      | Found the amulet of Elemental Vulnerability {rPois rF--
                  | rC-- AC+8}
  6843 | D:6      | Noticed Edmund
  6850 | D:6      | Killed Edmund
  6851 | D:6      | Reached skill level 1 in Transmutations
  6851 | D:6      | Reached skill level 1 in Earth Magic
  7071 | D:6      | Found a blossoming altar of Fedhas.
  7074 | D:6      | Found a glowing silver altar of Zin.
  7077 | D:6      | Found a hazy altar of Hepliaklqana.
  7080 | D:6      | Found a radiant altar of Vehumet.
  7098 | D:6      | Found an opulent altar of Gozag.
  7354 | D:6      | Reached skill level 1 in Spellcasting
  7727 | D:6      | Found Ojill's Jewellery Boutique.
  8018 | D:7      | Reached skill level 5 in Long Blades
  8116 | D:7      | Reached skill level 5 in Stealth
  8559 | D:7      | Noticed a hornet
  8562 | D:7      | Paralysed by a hornet for 3 turns
  8566 | D:7      | Succumbed to a hornet's poison

Illustrated notes

Levels and vault maps discovered:
D:1:      saegor_arrival_simple_e, layout_basic
D:2:      layout_basic, basic_ecumenical_altar, uniq_natasha
D:3:      layout_basic, dk_noncrumbling_4
D:4:      minmay_door_path, layout_basic, nemelex_altar_shiori,
          amcnicky_altar_gilded, nicolae_elemental_shop, moated_statue,
          hex_tiny, minivault_5
D:5:      layout_basic, grunt_ministairs_15, dk_vineyard_1
D:6:      minmay_inner_zag, layout_basic, mainiacjoe_overflow_cross_hatched,
          grunt_temple_overflow_cloverleaf, minmay_temple_entry_ruins,
          serial_shops, shop, uniq_edmund
D:7:      layout_loops_ring, pdpol_wu_jian_five_deadly_venoms
Temple:   nicolae_temple_ecumenical_triangle

Skill      XL: |  1  2  3  4  5  6  7  8 |
---------------+-------------------------+-----
Stealth        | 1 2 3 4 5 |  5.2
Unarmed Combat | 1 2 3 |  3.6
Long Blades    | 3 4 5 |  5.1
Fighting       | 4 |  4.8
Dodging        | 4 |  4.8
Shields        | 4 |  4.8
Transmutations | 2 |  2.7
Earth Magic    | 2 |  2.7
Spellcasting   | 1 |  1.6

Action                   |  1- 3 |  4- 6 |  7- 9 || total
-------------------------+-------+-------+-------++-------
Melee: Long sword        |    43 |   136 |   104 ||   283
       Constrict         |     9 |    35 |    18 ||    62
       Tentacles         |     6 |    25 |    32 ||    63
       Punch             |       |     2 |     1 ||     3
       Kick              |       |    16 |    43 ||    59
Throw: Dart              |       |       |     1 ||     1
Evoke: Wand              |       |     2 |    11 ||    13
  Use: Scroll            |       |     7 |     1 ||     8
       Potion            |       |    11 |       ||    11
 Stab: Sleeping          |     9 |     8 |     6 ||    23
       Distracted        |     1 |       |       ||     1
       Paralysed         |       |     3 |     6 ||     9
Armor: Skin              |     2 |    21 |    12 ||    35
Dodge: Dodged            |    19 |    78 |    41 ||   138
Block: Buckler           |     8 |    46 |    58 ||   112
       Reflection        |       |       |     2 ||     2
